 Dungeon Crawl Stone Soup version 0.27-a0-1140-g099f9bb (webtiles) character file.

Game seed: 10263882753732628344

217 Meow the Sneak (level 5, -1/42 HPs)
             Began as a Naga Fire Elementalist on May 9, 2021.
             Was an Initiate of Okawaru.
             Succumbed to an adder's poison
             ... on level 4 of the Dungeon.
             The game lasted 00:09:02 (3027 turns).

Meow the Sneak (Naga Fire Elementalist)             Turns: 3027, Time: 00:09:03

Health: -1/42      AC:  2    Str: 10    XL:     5   Next: 94%
Magic:  3/9        EV:  9    Int: 17    God:    Okawaru [......]
Gold:   120        SH:  0    Dex: 11    Spells: 2/10 levels left

rFire    + . .     SeeInvis +   a - staff of fire
rCold    . . .     Faith    .   (no shield)
rNeg     . . .     Spirit   .   e - +0 robe
rPois    +         Reflect  .   (no helmet)
rElec    .         Harm     .   (no cloak)
rCorr    .         Rampage  .   (no gloves)
Will     .....                  (no barding)
Stlth    +++.......             (no amulet)
HPRegen  0.14/turn              (no ring)
MPRegen  0.11/turn              (no ring)

@: lethally poisoned (-1 -> -7), very slow
A: AC +1, large, see invisible, deformed body, poison resistance, slowness 2,
spit poison 1, naga tail 1
a: Spit Poison, Renounce Religion


You were on level 4 of the Dungeon.
You worshipped Okawaru.
Okawaru was noncommittal.
You visited 1 branch of the dungeon, and saw 4 of its levels.

You collected 120 gold pieces.

Inventory:

Hand Weapons
 b - a +0 quarterstaff
 q - a +0 dagger
 t - a +0 hunting sling
 v - a +0 hunting sling
Missiles
 c - 158 stones
 d - 30 arrows
 j - 13 sling bullets
 p - 29 bolts
 r - 2 throwing nets
Armour
 e - a +0 robe (worn)
 i - a +0 tower shield
Magical Staves
 a - a staff of fire (weapon)
Scrolls
 g - 3 scrolls of identify
 h - 2 scrolls of enchant weapon
 l - 2 scrolls of noise
Potions
 f - a potion of haste {unknown}
 m - a potion of heal wounds {unknown}
 o - a potion of lignification {unknown}
 s - a potion of curing {unknown}


   Skills:
 - Level 1.5 Dodging
 + Level 5.2 Stealth
 + Level 3.1 Spellcasting
 + Level 2.8 Conjurations
 + Level 4.1 Fire Magic


You had 2 spell levels left.
You knew the following spells:

 Your Spells              Type           Power      Damage    Failure   Level
a - Foxfire               Conj/Fire      84%        2x1d8     4%          1
t - Sticky Flame          Conj/Fire      21%        2d4       38%         4
C - Conjure Flame         Conj/Fire      21%        6-21      12%         3

Your spell library contained the following spells:

 Spells                   Type           Power      Damage    Failure   Level
 Inner Flame              Hex/Fire       14%        N/A       22%         3
 Fireball                 Conj/Fire      10%        3d6       75%         5


Dungeon Overview and Level Annotations

Branches:
Dungeon (4/15)
 Temple: D:4-7

Altars:
Okawaru

Annotations:
D:3 1 runed translucent door, Crazy Yiuf


Innate Abilities, Weirdness & Mutations

Your serpentine skin is tough. (AC +1)
You have supernaturally acute eyesight. (SInv)
Armour fits poorly on your strangely shaped body.
Your system is resistant to poisons. (rPois)
You cover ground very slowly.
You can spit poison.
You have a snake-like lower body.


Message History

It was a scroll of noise.
You hear an angry hiss.
You hear a shout!
You hear an angry hiss.
You hear a shout!
As you read the scroll labelled ECRAUV EWEXIU, it crumbles to dust.
You speak a Word of immense power!
It was a scroll of holy word.
The ogre closely misses you. The adder closely misses you.
As you read the scroll labelled CEIQI PUSO, it crumbles to dust.
The scroll dissolves into smoke.
It was a scroll of fog.
The adder bites you.
You are poisoned.
The adder poisons you!
The ogre hits you with a +0 giant club!!
As you read the scroll labelled CULIBE NIWUL, it crumbles to dust.
It is a scroll of amnesia.
Really abort (and waste the scroll)?
Okay, then.
You have got your breath back.
You feel sick. The adder barely misses you. The ball python bites you.
The adder bites you.
Unknown command.
You feel sick. The ball python bites you.
* * * LOW HITPOINT WARNING * * *
The ogre hits you with a +0 giant club.
* * * LOW HITPOINT WARNING * * *
Unknown command.
You feel sick. The adder bites you.
* * * LOW HITPOINT WARNING * * *
The ball python bites you but does no damage.
You feel sick.
You are no longer poisoned.
The adder barely misses you. The ball python closely misses you.
The ogre closely misses you. The adder closely misses you. The ogre misses you.
The adder closely misses you. The adder barely misses you.
The ball python bites you but does no damage.
The adder bites you.
* * * LOW HITPOINT WARNING * * *
You are lethally poisoned!
The adder poisons you!
You die...

.#####)#################.#
..†..§................##.####
§##.§§§§.....########.##....#
#.§§§§............#...###.#
#.§§§§§.§..######.###.###.#.#
#...§...§...............#.#.#
#......§..........)...#.#.#.#
#.....§.....S....<....#.#.#.#
#..........OS.@...[...#.#.#..
#....##.#############.#.#.#g###
#....##.# #.#.#.#)..# #....##.#
#.#.#.#<# #....##.# #.#.#.###
#######.# ########.#.....#
######.# #......#.###.#.#
#......# #.####.#.###.# #
#.###### #.#..........#


You could see an ogre, an adder and a ball python.

Vanquished Creatures
  3 orc wizards
  4 gnolls
  2 adders (D:3)
  An ufetubus (D:3)
  An adder skeleton (D:4)
  4 worms
  2 dart slugs
  6 orcs
  3 ball pythons (D:2)
  4 endoplasms
  2 giant cockroaches
  6 hobgoblins
  2 jackals (D:2)
  2 quokkas (D:3)
  5 bats
  2 frilled lizards
  4 goblins
  4 kobolds
  A quokka skeleton (D:4)
  5 rats
63 creatures vanquished.

Vanquished Creatures (others)
  144 foxfires
144 creatures vanquished.

Grand Total: 207 creatures vanquished

Notes
Turn   | Place    | Note
-------+----------+-------------------------------------------
     0 | D:1      | Meow the Naga Fire Elementalist began the quest for the
                  | Orb.
     0 | D:1      | Reached XP level 1. HP: 15/15 MP: 3/3
    53 | D:1      | Found a faded altar of an unknown god.
   335 | D:1      | Reached XP level 2. HP: 22/22 MP: 5/5
   864 | D:2      | You fall into a shaft and drop 1 floor!
  1153 | D:2      | Reached XP level 3. HP: 28/28 MP: 4/6
  1493 | D:2      | Reached skill level 4 in Stealth
  1494 | D:2      | Reached XP level 4. HP: 36/36 MP: 1/7
  2007 | D:2      | Learned a level 4 spell: Sticky Flame
  2047 | D:2      | Learned a level 3 spell: Conjure Flame
  2112 | D:3      | Found a runed translucent door.
  2113 | D:3      | Noticed Crazy Yiuf
  2164 | D:3      | Found an iron altar of Okawaru.
  2242 | D:3      | Became a worshipper of Warmaster Okawaru
  2250 | D:3      | Reached XP level 5. HP: 37/42 MP: 2/9
  3003 | D:4      | Reached skill level 5 in Stealth
  3005 | D:4      | Noticed an ogre
  3026 | D:4      | HP: 1/42 [adder (4)]
  3027 | D:4      | Succumbed to an adder's poison

Illustrated notes

Levels and vault maps discovered:
D:1:      amcnicky_arrival_feature_with_door, layout_loops_ring,
          basic_ecumenical_altar
D:2:      layout_basic, nicolae_underground_beach
D:3:      layout_basic, okawaru_gym_becter, grunt_decor_one_mirror,
          uniq_crazy_yiuf_cottage
D:4:      layout_basic, kennysheep_mini_moat, nicolae_dithmenos_the_darkroom

Skill      XL: |  1  2  3  4  5 |
---------------+----------------+-----
Stealth        | 4 5 |  5.2
Conjurations   | 2 |  2.8
Spellcasting   | 3 |  3.1
Fire Magic     | 4 |  4.1
Dodging        | |  1.5

Action                   |  1- 3 |  4- 6 || total
-------------------------+-------+-------++-------
Melee: Staff             |       |     4 ||     4
 Fire: Hunting sling     |     1 |       ||     1
 Cast: Foxfire           |    38 |    49 ||    87
       Sticky Flame      |       |     1 ||     1
 Abil: Spit Poison       |    22 |    26 ||    48
  Use: Scroll            |       |     5 ||     5
Armor: Robe              |     2 |     9 ||    11
Dodge: Dodged            |     7 |    22 ||    29

Table legend: (Time is in decaauts)
 A = Elapsed time spent in this place.
 B = Non-inter-level travel time spent in this place.
 C = Inter-level travel time spent in this place.
 D = Time resting spent in this place.
 E = Time spent auto-exploring this place.
 F = Levels seen in this place.
 G = Mean time per level.
                   A        B        C        D        E       F      G
               +--------+--------+--------+--------+--------+-----+--------+
         Total |   3893 |   3707 |    186 |    624 |   2531 |   4 |  973.2 |
       Dungeon |   3893 |   3707 |    186 |    624 |   2531 |   4 |  973.2 |
               +--------+--------+--------+--------+--------+-----+--------+

Top non-repeatable levels by time:
     D:2: 1480 daAuts
     D:1: 1120 daAuts
     D:3: 991 daAuts
     D:4: 301 daAuts
